 Dungeon Crawl Stone Soup version 0.29.1-2-gbd0b4ee654 (webtiles) character file.

Game seed: 10818157295192835442

42 Raikaria the Caller (level 3, 0/33 HPs)
             Began as an Ogre Summoner on Nov 7, 2022.
             Slain by a goblin
             ... wielding a +0 flail
              (4 damage)
             ... on level 2 of the Dungeon.
             The game lasted 00:04:32 (2077 turns).

Raikaria the Caller (Ogre Summoner)                 Turns: 2077, Time: 00:04:32

Health: 0/33       AC:  3    Str: 14    XL:     3   Next: 54%
Magic:  7/7        EV: 10    Int: 16    God:
Gold:   18         SH:  0    Dex:  9    Spells: 1/7 levels left

rFire   . . .      SeeInvis .   d - +0 club
rCold   . . .      Faith    .   (no shield)
rNeg    . . .      Spirit   .   a - +0 robe
rPois   .          Reflect  .   (helmet restricted)
rElec   .          Harm     .   (no cloak)
rCorr   .          Rampage  .   (gloves unavailable)
Will    .....                   (boots unavailable)
Stlth   +.........              (no amulet)
HPRegen 0.11/turn               (no ring)
MPRegen 0.10/turn               (no ring)

@: no status effects
A: large, unfitting armour, tough skin 1
a: no special abilities


You were on level 2 of the Dungeon.
You visited 1 branch of the dungeon, and saw 2 of its levels.

You collected 18 gold pieces.

Inventory:

Hand Weapons
 d - a +0 club (weapon)
Armour
 a - a +0 robe (worn)
Scrolls
 c - a scroll of amnesia {unknown}
 f - a scroll of teleportation {unknown}
 h - a scroll of identify {unknown}
Potions
 b - a potion of magic
 e - a potion of haste {unknown}
 g - a potion of mutation {unknown}


   Skills:
 * Level 1.5 Fighting
 + Level 0.2 Maces & Flails
 + Level 2.0 Dodging
 - Level 1.4 Stealth
 + Level 2.7 Spellcasting
 + Level 4.2 Summonings


You had one spell level left.
You knew the following spells:

 Your Spells              Type           Power      Damage    Failure   Level
a - Summon Small Mammal   Summ           60%        N/A       3%          1
b - Call Imp              Summ           15%        N/A       4%          2
c - Call Canine Familiar  Summ           15%        N/A       10%         3

Your spell library contained the following spells:

 Spells                   Type           Power      Damage    Failure   Level
 Summon Guardian Golem    Hex/Summ       8%         N/A       24%         3
 Gell's Gravitas          Tloc           2%         N/A       50%         3
 Lesser Beckoning         Tloc           2%         N/A       50%         3
 Teleport Other           Tloc           2%         N/A       50%         3
 Summon Lightning Spire   Summ/Air       8%         N/A       63%         4
 Borgnjor's Revivificati  Necr           1%         N/A       100%        8
 Necromutation            Tmut/Necr      1%         N/A       100%        8
 Death's Door             Necr           1%         N/A       100%        9


Dungeon Overview and Level Annotations

Branches:
Dungeon (2/15)

Altars:


Innate Abilities, Weirdness & Mutations

You are too large for most types of armour.
You have tough skin. (AC +1)


Message History

You climb downwards.
The rat bites you but does no damage. The kobold closely misses you.
The rat barely misses you. The kobold hits you with a +0 whip.
There is a stone staircase leading up, spattered with blood here.
Casting: Call Imp (safe; 4% risk of failure)
Confirm with . or Enter, or press ? or * to list all spells.
A metallic apparition takes form in the air.
The rat bites you. The kobold hits you with a +0 whip.
You barely miss the kobold. The rat barely misses you.
The kobold closely misses you.
Your iron imp barely misses the kobold.
You hit the kobold.
The kobold is severely wounded.
The rat bites you. The kobold hits you with a +0 whip.
Your iron imp hits the kobold!
The kobold dies!
The rat attacks as you move away! The rat bites you.
Things that are here:
a +0 whip; a stone; a kobold corpse You hit the rat.
You kill the rat!
You start resting.
Magic restored.
You start resting.
A goblin comes into view. It is wielding a +0 flail.
A goblin is nearby!
The goblin unwields a +0 flail.
The goblin wields a +2 vorpal sling.
The goblin shoots a sling bullet.
The sling bullet misses you.
The goblin shoots a sling bullet.
The sling bullet hits you!
* * * LOW HITPOINT WARNING * * *
You swap places.
You closely miss the goblin.
The goblin unwields a +2 vorpal sling.
The goblin wields a +0 flail.
The goblin barely misses you.
Your iron imp barely misses the goblin.
You barely miss the goblin. The goblin hits you but does no damage.
Your iron imp barely misses the goblin.
The goblin hits you with a +0 flail.
* * * LOW HITPOINT WARNING * * *
You miss the goblin.
Your iron imp barely misses the goblin.
The goblin completely misses you.
You closely miss the goblin. The goblin hits you with a +0 flail.
You die...

####### ##.....##
##.......##
#####.........#
.....)g@.....(#####
#####..5!..........
#.....)...####
#......<..#
##......รท##
#.......<.#
...........#
##......!....
#.............


You could see a goblin (ally target) and a friendly iron imp (summoned).

Vanquished Creatures
  2 dart slugs (D:1)
  4 bats (D:1)
  2 endoplasms (D:1)
  2 giant cockroaches (D:1)
  2 goblins (D:1)
  A quokka (D:1)
  2 ball pythons (D:1)
  4 frilled lizards (D:1)
  3 rats
22 creatures vanquished.

Vanquished Creatures (collateral kills)
  A ball python (D:1)
  An endoplasm (D:1)
  4 goblins (D:1)
  A hobgoblin (D:1)
  A quokka (D:1)
  A bat (D:1)
  2 frilled lizards (D:1)
  3 kobolds
  A rat (D:2)
15 creatures vanquished.

Grand Total: 37 creatures vanquished

Notes
Turn   | Place    | Note
-------+----------+-------------------------------------------
     0 | D:1      | Raikaria the Ogre Summoner began the quest for the Orb.
     0 | D:1      | Reached XP level 1. HP: 16/16 MP: 3/3
   366 | D:1      | Reached skill level 4 in Summonings
   366 | D:1      | Reached XP level 2. HP: 16/26 MP: 1/5
   372 | D:1      | Learned a level 2 spell: Call Imp
   787 | D:1      | Reached skill level 1 in Fighting
  1034 | D:1      | Reached XP level 3. HP: 8/33 MP: 3/6
  1344 | D:1      | Found a faded altar of an unknown god.
  1482 | D:1      | Learned a level 3 spell: Call Canine Familiar
  2077 | D:2      | Slain by a goblin

Illustrated notes

Levels and vault maps discovered:
D:1:      nicolae_arrival_washed_ashore, layout_loops_cross,
          shapermc_ecumenical_altar_pompeii, minmay_misc_feat_x
D:2:      layout_rooms, due_unseen_surprise

Skill      XL: |  1  2  3 |
---------------+----------+-----
Summonings     | 4 |  4.2
Fighting       | 1 |  1.5
Dodging        | 2 |  2.0
Maces & Flails | |  0.2
Stealth        | |  1.4
Spellcasting   | |  2.7

Action                   || total
-------------------------++-------
Melee: Club              ||   137
 Cast: Summon Small Mamm ||     8
       Call Imp          ||    19
 Stab: Sleeping          ||     2
Armor: Robe              ||    66
Dodge: Dodged            ||   111
